 Dungeon Crawl Stone Soup version 0.32-a0-571-gec57dfcd37 (webtiles) character file.

Game seed: 11453942333088003705

2 cforsyth the Grave Robber (level 1, 0/15 HPs)
             Began as a Mountain Dwarf Necromancer on Mar 1, 2024.
             Slain by a goblin
             ... wielding a +3 dagger
              (5 damage)
             ... on level 1 of the Dungeon.
             The game lasted 00:00:20 (83 turns).

cforsyth the Grave Robber (MDNe)                      Turns: 83, Time: 00:00:20

Health: 0/15       AC:  2    Str: 10    XL:     1   Next: 25%
Magic:  0/3        EV: 11    Int: 15    God:
Gold:   18         SH:  0    Dex: 10    Spells: 2/3 levels left

rFire   . . .        (no weapon)
rCold   . . .        (no shield)
rNeg    . . .        a - +0 robe
rPois   .            (no helmet)
rElec   .            (no cloak)
rCorr   .            (no gloves)
SInv    .            (no boots)
Will    .....        (no amulet)
Stlth   ++           (no ring)
HPRegen 0.22/turn    (no ring)
MPRegen 0.08/turn

%: no passive effects
@: no status effects
A: runic magic, artefact enchanting
a: no special abilities


You were on level 1 of the Dungeon.
You visited 1 branch of the dungeon, and saw 1 of its levels.

You collected 18 gold pieces.


Innate Abilities, Weirdness & Mutations

Your spellcasting is much less encumbered by armour.
You can use scrolls of enchantment on lesser artefacts.


   Skills:
 + Level 0.3 Fighting
 - Level 1.3 Dodging
 - Level 1.4 Stealth
 - Level 1.7 Spellcasting
 + Level 4.4 Necromancy


You had 2 spell levels left.
You knew the following spells:

 Your Spells              Type           Power      Damage    Failure   Level
X - Necrotise             Necr           56%        1d6       3%          1

Your spell library contained the following spells:

 Spells                   Type           Power      Damage    Failure   Level
 Vampiric Draining        Necr           14%        2d7       11%         3
 Animate Dead             Necr           14%        N/A       36%         4
 Curse of Agony           Necr           14%        N/A       71%         5

Inventory:

Armour
 a - a +0 robe (worn)
Scrolls
 c - a scroll of identify {unknown}
Potions
 b - a potion of magic

Dungeon Overview and Level Annotations

Branches:
Dungeon (1/15)

Altars:

##. #§ ..##.. #
...... # . ..##.# ..
#.##.# ... #.##.#
.... #.##.## #
....$##.##..# #
#...@....## ##
####g##..[## ##.
#w.##...### ###..
...##.....####§...
.....##......§§§§§.
..#.#..##.....§.§...
.........###...§§.§..
#.#...#....
#####ß#### #.#
#.#.#... ###


You could see a dart slug and a goblin.


Message History

You are out of magic!
You are out of magic!
Magic restored.
You see here a +0 robe.
A goblin comes into view. It is wielding a +3 dagger.
There are monsters nearby!
There are monsters nearby!
There are monsters nearby!
The dart slug writhes in agony.
The goblin shouts!
The dart slug writhes in agony.
The dart slug writhes in agony.
The dart slug launches a dart at you. The slug dart hits you.
You are out of magic!
You are out of magic!
You are out of magic!
You are out of magic!
Unknown command.
You are out of magic!
The dart slug launches a dart at you. The slug dart hits you.
The goblin closely misses you.
You hit the dart slug but do no damage.
The dart slug is heavily wounded.
The dart slug misses you. The goblin hits you with a +3 dagger.
* * * LOW HITPOINT WARNING * * *
You are too injured to fight recklessly!
You closely miss the goblin. The goblin barely misses you.
You hit the goblin but do no damage. The goblin hits you with a +3 dagger.
You die...

Action                     || total
---------------------------++-------
  Melee: Unarmed           ||     3
   Cast: Necrotise         ||     6
 Armour: Robe              ||     4
  Dodge: Dodged            ||     3

Levels and vault maps discovered:
D:1:      heliophobic_arrival_dark_side_of_the_moon, layout_basic

Notes
Turn   | Place    | Note
-------+----------+-------------------------------------------
     0 | D:1      | cforsyth the Mountain Dwarf Necromancer began the quest for
                  | the Orb.
     0 | D:1      | Reached XP level 1. HP: 14/14 MP: 3/3
    83 | D:1      | Slain by a goblin

Vanquished Creatures
  An endoplasm (D:1)
  A kobold (D:1)
2 creatures vanquished.

Table legend: (Time is in decaauts)
 A = Elapsed time spent in this place.
 B = Non-inter-level travel time spent in this place.
 C = Inter-level travel time spent in this place.
 D = Time resting spent in this place.
 E = Time spent auto-exploring this place.
 F = Levels seen in this place.
 G = Mean time per level.
                   A        B        C        D        E       F      G
               +--------+--------+--------+--------+--------+-----+--------+
         Total |     83 |     83 |      0 |      0 |     56 |   1 |   83.0 |
       Dungeon |     83 |     83 |      0 |      0 |     56 |   1 |   83.0 |
               +--------+--------+--------+--------+--------+-----+--------+

Top non-repeatable levels by time:
     D:1: 83 daAuts

Table legend:
 A = Non-vault XP
 B = Vault XP
 C = Vault XP percentage of total XP
 D = Non-vault monster count
 E = Vault monster count
 F = Vault count percentage of total count
                 A         B        C        D         E       F
            +---------+---------+-------+---------+---------+-------
      Total |       3 |       0 |   0.0 |       2 |       0 |   0.0
            +---------+---------+-------+---------+---------+-------
        D:1 |       3 |       0 |   0.0 |       2 |       0 |   0.0
            +---------+---------+-------+---------+---------+-------
